 Dungeon Crawl Stone Soup version 0.30-a0-591-g3c58d2bc28 (console) character file.

Game seed: 2366315409246105245

261495 jejorda2 the Phalangite (level 19, -56/241 HPs)
             Began as a Merfolk Berserker on Jan 5, 2023.
             Was the Champion of Trog.
             Killed from afar by a deep elf annihilator (66 damage)
             ... with an iron shot
             ... on level 3 of the Elven Halls.
             The game lasted 01:49:53 (38272 turns).

jejorda2 the Phalangite (Merfolk Berserker)        Turns: 38272, Time: 01:49:53

Health: -56/241    AC: 36    Str: 29    XL:     19   Next: 96%
Magic:  19/19      EV: 11    Int:  7    God:    Trog [******]
Gold:   2013       SH:  0    Dex: 15    Spells: 18/18 levels left

rFire   + . .      SeeInvis .    a - +5 Lochaber axe {reach-cleave, poleaxe, Drain}
rCold   + + .      Faith    .    (shield currently unavailable)
rNeg    . . .      Spirit   .    s - +0 gold dragon scales
rPois   +          Reflect  .    T - +2 helmet
rElec   +          Harm     .    U - +1 cloak {Will+}
rCorr   .          Rampage  .    B - +2 pair of gloves
Will    ++++.                    Q - +2 pair of boots Stlth
                                 M - amulet of the acrobat
HPRegen 1.60/turn                G - ring "Bagulig" {rElec rC+ Str+6}
MPRegen 0.16/turn                q - +4 ring of protection

@: berserking (expiring), strong-willed, regenerating, studying Short Blades,
very quick
A: (nimble swimmer 2), mertail
}: 2/15 runes: decaying, gossamer
a: Renounce Religion, Berserk, Trog's Hand, Brothers in Arms


You were on level 3 of the Elven Halls.
You worshipped Trog.
Trog was exalted by your worship.
You visited 6 branches of the dungeon, and saw 33 of its levels.
You also visited: Gauntlet.

You collected 4636 gold pieces.
You spent 2623 gold pieces at shops.

Inventory:

Hand Weapons
 a - the +5 Lochaber axe (weapon) {reach-cleave, poleaxe, Drain}
   (You bought it in a shop on level 6 of the Dungeon)

   It can be evoked to extend its reach, and strikes at all foes within reach,
   dealing less damage to those not targeted.
   It uses either Axes or Polearms skill, whichever is higher.
   Drain:     It drains your maximum health when unequipped.
Missiles
 c - 42 poisoned darts
 o - 211 stones
 t - 21 boomerangs (quivered)
 v - 5 atropa-tipped darts
 w - 12 curare-tipped darts
 z - 3 boomerangs of dispersal
 H - a throwing net
 J - 25 javelins
Armour
 s - +0 gold dragon scales (worn)
 B - a +2 pair of gloves (worn)
 Q - a +2 pair of boots (worn)
 T - a +2 helmet (worn)
 U - a +1 cloak of willpower (worn)
Jewellery
 g - a ring of fire
 q - a +4 ring of protection (right hand)
 G - the ring "Bagulig" (left hand) {rElec rC+ Str+6}
   (You found it in a Gauntlet)

   [ring of strength]

   Str:       It affects your strength (+6).
   rC:        It protects you from cold.
   rElec:     It insulates you from electricity.
 M - an amulet of the acrobat (around neck)
 S - a +6 ring of strength
 V - a ring of see invisible
Wands
 h - a wand of light (11)
 k - a wand of charming (18)
 x - a wand of flame (53)
 D - a wand of roots (25)
 K - a wand of polymorph (5)
 O - a wand of mindburst (30)
 P - a wand of digging (13)
Scrolls
 e - 8 scrolls of immolation
 f - 9 scrolls of teleportation
 j - 6 scrolls of fear
 n - 7 scrolls of magic mapping
 y - 11 scrolls of fog
 I - 7 scrolls of blinking
 N - a scroll of silence
 R - 4 scrolls of poison
Potions
 d - 5 potions of haste
 i - 5 potions of mutation
 l - 10 potions of curing
 m - 9 potions of ambrosia
 p - 8 potions of flight
 r - 10 potions of might
 u - 5 potions of berserk rage
 A - a potion of resistance
 C - 10 potions of heal wounds
 E - 10 potions of attraction
 F - 3 potions of invisibility
 L - 2 potions of cancellation
Miscellaneous
 b - a condenser vane


   Skills:
 + Level 17.2 Fighting
 - Level 26.0 Polearms
 - Level 16.0 Throwing
 * Level 12.4 Armour
 + Level 12.8 Dodging
 - Level 7.0 Evocations


You had 18 spell levels left.
You didn't know any spells.
Your spell library was empty.

Dungeon Overview and Level Annotations

Branches:
Dungeon (15/15)            Temple (0/1) D:5            Lair (5/5) D:11
  Swamp (4/4) Lair:3       Spider (4/4) Lair:2        Slime (0/5) Lair:4
    Orc (2/2) D:11            Elf (3/3) Orc:2        Vaults (0/5) D:13
 Depths (0/4) D:15        Gauntlet (visited)

Altars:
Gozag
Hepliaklqana
Kikubaaqudgha
Qazlal
Wu Jian
Lugonu

Shops:
D:6 (([((   D:9 *   D:10 *   D:11 [(([   D:12 !   Orc:1 :[   Orc:2 !(:?
Elf:1 =

Portals:
Abyss: Lair:5
Trove: D:13 (give 3 potions of resistance)

Annotations:
Elf:3 exclusion: deep elf sorcerer


Innate Abilities, Weirdness & Mutations

((You are very nimble when in or above water. (Stealth+, EV+, Speed+++)))
Your lower body shifts to a powerful aquatic tail in water.


Message History

The Executioner gestures.
The Executioner seems to speed up.
Reach: a) +5 Lochaber axe {reach-cleave, poleaxe, Drain}
Press: ? - help, Dir - move target, f - deep elf high priest
Aim: a deep elf high priest, wielding a +0 long sword (brilliance aura, about 33% to evade the +5 Lochaber axe)
Okay, then.
A deep elf annihilator comes into view. It is wielding a +0 short sword.
The deep elf annihilator shouts!
You hear a shout!
Items here: )) [ ††.
Reach: a) +5 Lochaber axe {reach-cleave, poleaxe, Drain}
Press: ? - help, Dir - move target, f - deep elf high priest
Aim: a deep elf high priest, wielding a +0 long sword (brilliance aura, about 33% to evade the +5 Lochaber axe)
You slice the deep elf high priest like a ripe choko!!!
You kill the deep elf high priest!
Trog accepts your kill.
You slash the deep elf annihilator!
The deep elf annihilator seems less brilliant.
The deep elf annihilator gestures wildly while chanting.
The deep elf annihilator blinks!
You slice the deep elf annihilator!!
The deep elf annihilator is heavily wounded.
You slash the Executioner!
You closely miss the deep elf annihilator.
The deep elf annihilator is heavily wounded.
You closely miss the Executioner.
You slice the chaos spawn like a ripe choko!!!
You kill the chaos spawn!
The chaos spawn degenerates into a cloud of primal chaos!
The Executioner hits you but does no damage.
The Executioner barely misses you.
The Executioner hits you but does no damage.
You slice the deep elf annihilator!!
The deep elf annihilator is almost dead.
You slice the Executioner!!
The Executioner hits you but does no damage.
The Executioner misses you.
The Executioner hits you but does no damage.
The deep elf annihilator gestures at you while chanting.
The iron shot hits you!!!
You die...

#. #...
##...##
#+###)......
#!.).)..#
#..@...##
#..e1§.#
#......#
#.......#
#.....#
#'###..1.e
.e.e. #$
##..e2..ee4
#) ##.e .4.
## ##


e.e ##e## You could see a Hell Sentinel (summoned), 2 deep elf annihilators, an
Executioner (summoned, fast), a deep elf elementalist (empowered, repels
missiles), a shadow demon (summoned) and a deep elf demonologist.

Vanquished Creatures
  the Lernaean hydra (Swamp:4)
  3 deep elf blademasters (Elf:3)
  The ghost of Kacaoki the Warrior, an adept MiBe of Trog (Swamp:2)
  A shadow dragon (Elf:1)
  2 fenstrider witches
  Aizul (Spider:3)
  2 deep elf sorcerers (Elf:3)
  9 emperor scorpions
  An iron dragon (Elf:1)
  5 ghost moths
  5 deep elf elementalists (Elf:3)
  A quicksilver ooze (Gauntlet)
  A stone giant (D:15)
  Azrael (Elf:2)
  2 deep elf annihilators
  4 eleionomae
  4 deep elf demonologists
  A minotaur (Gauntlet)
  5 bunyips
  Snorg (Lair:3)
  7 spark wasps
  An ettin (Orc:2)
  2 deep elf death magi
  A shambling mangrove (Swamp:4)
  5 entropy weavers
  Josephine (Lair:5)
  A spectral fenstrider witch (Swamp:2)
  6 deep elf high priests
  2 ice dragons (Elf:1)
  Fannar (Lair:3)
  15 hydras
  The ghost of jejorda2 the Impaler, a journeyman MfBe of Trog (D:10)
  5 vault guards (D:13)
  4 ghost crabs
  The ghost of Newt the Cleaver, a journeyman DsGl of Hepliaklqana (D:10)
  2 centaur warriors
  5 boulder beetles
  6 alligators
  5 two-headed ogres
  A catoblepas (shapeshifter) (Lair:5)
  6 tengu warriors
  4 radroaches
  26 dancing weapons
  Urug (D:12)
  2 spriggan berserkers (Swamp:4)
  An orc high priest (Elf:1)
  3 thrashing horrors (Lair:5)
  19 deep elf knights
  Sonja (Lair:3)
  4 sun moths
  A wretched star (Gauntlet)
  Nergalle (Lair:3)
  The ghost of pokeman the Thaumaturge, a novice DEHW of Vehumet (D:10)
  5 pharaoh ants
  A fire crab (shapeshifter) (Elf:1)
  5 goliath frogs
  4 spriggan druids
  2 deep trolls (D:15)
  6 bog bodies
  5 deep elf archers
  6 steelbarb worms
  11 orb spiders
  Pikel (D:7)
  16 deep elf zephyrmancers
  11 orc sorcerers
  9 swamp dragons
  An orc knight (D:15)
  4 large abominations (Lair:5)
  3 necromancers
  4 oklob plants (Lair:2)
  15 deep elf pyromancers
  25 wolf spiders
  13 ugly things
  5 will-o-the-wisps
  2 salamanders (shapeshifter) (D:14)
  4 manticores
  2 moths of wrath
  5 elephants (Lair:4)
  6 cyclopes
  Maurice (Orc:1)
  2 spectral spriggans (Swamp:2)
  3 black mambas
  2 torpor snails (Spider:2)
  A cane toad (shapeshifter) (Lair:5)
  16 cane toads
  5 gargoyles
  6 demonic crawlers
  5 komodo dragons
  5 rime drakes
  2 bunyip simulacra (Swamp:4)
  4 kobold demonologists (D:9)
  Psyche (D:9)
  2 tengu conjurers (D:13)
  An ancient zyme (Lair:5)
  8 trolls
  A spectral death drake (Swamp:2)
  5 polar bears
  10 tyrant leeches
  Grinder (D:5)
  A hornet (shapeshifter) (D:15)
  3 bloated husks
  11 hornets
  18 blink frogs
  28 tarantellas
  Sigmund (D:6)
  10 spriggans
  An alligator zombie (Swamp:4)
  2 air elementals
  38 jumping spiders
  4 slime creatures
  3 wyverns
  A vampire (D:12)
  6 wraiths
  28 yaks
  16 culicivoras
  2 ynoxinuls (Lair:5)
  8 basilisks
  8 fire elementals
  2 water elementals
  3 fire bats (D:8)
  A basilisk (shapeshifter) (Lair:5)
  A neqoxec (Gauntlet)
  3 steam dragons
  Eustachio (D:6)
  2 vampire mosquitoes (D:12)
  43 redbacks
  2 chaos spawn (Lair:5)
  7 wargs
  20 swamp worms
  A death drake simulacrum (Swamp:2)
  2 acid dragons
  8 water moccasins
  3 hell hounds
  19 orc warriors
  11 swamp drakes
  7 ice beasts
  A sky beast (D:8)
  A black bear (Elf:3)
  2 swamp dragon zombies (Swamp:4)
  8 ogres
  13 wolves
  A centaur (D:9)
  2 phantoms (D:5)
  2 lemures (D:7)
  2 kobold brigands (D:9)
  14 bullfrogs
  3 earth elementals
  A scorpion (D:7)
  5 wights (D:9)
  3 swamp dragon simulacra (Swamp:4)
  7 killer bees
  3 howler monkeys
  2 electric eels
  4 hounds
  15 orc priests
  4 jellies (Lair:4)
  11 small abominations
  3 gnoll boudas
  3 iguanas
  40 orc wizards
  16 gnolls
  7 adders
  A white imp (D:5)
  3 ufetubi
  4 worms
  4 dart slugs
  114 orcs
  7 endoplasms
  3 giant cockroaches
  8 goblins
  9 hobgoblins
  2 quokkas
  8 ball pythons
  5 bats
  2 frilled lizards (D:2)
  12 kobolds
  8 rats
  A spectral orc (D:5)
1134 creatures vanquished.

Vanquished Creatures (collateral kills)
  Roxanne (Spider:3)
  A spectral fenstrider witch (Swamp:2)
  A hydra (Swamp:4)
  3 spectral spriggans (Swamp:2)
  A swamp dragon (Swamp:4)
  A jumping spider (Spider:3)
  A spriggan simulacrum (Swamp:2)
9 creatures vanquished.

Vanquished Creatures (others)
  A goliath frog (Swamp:4)
  A komodo dragon (Lair:2)
  A bunyip simulacrum (Swamp:4)
  3 bloated husks
  A jumping spider (Spider:1)
  A swamp worm (Swamp:3)
  A wolf (D:11)
  2 orc wizards
  A gnoll (D:6)
  2 orcs
  12 foxfires
  25 fungi
  56 plants
  2 withered plants (Gauntlet)
109 creatures vanquished.

Grand Total: 1252 creatures vanquished

Notes
Turn   | Place    | Note
-------+----------+-------------------------------------------
     0 | D:1      | jejorda2 the Merfolk Berserker began the quest for the Orb.
     0 | D:1      | Reached XP level 1. HP: 18/18 MP: 1/1
   199 | D:1      | Reached XP level 2. HP: 24/24 MP: 2/2
   868 | D:2      | Identified the +8 plate armour of Cynicism {rC++}
   933 | D:2      | Reached XP level 3. HP: 29/29 MP: 3/3
  1078 | D:2      | Reached ** piety under Trog
  1418 | D:2      | Reached XP level 4. HP: 37/37 MP: 4/4
  2112 | D:3      | Reached skill level 5 in Polearms
  2170 | D:3      | Reached XP level 5. HP: 42/42 MP: 5/5
  2429 | D:3      | Found an opulent altar of Gozag.
  2435 | D:3      | Found an ancient bone altar of Kikubaaqudgha.
  2773 | D:4      | Reached XP level 6. HP: 49/49 MP: 6/6
  2825 | D:4      | Noticed an ice beast
  2837 | D:4      | Killed an ice beast
  2838 | D:4      | Reached skill level 5 in Fighting
  2838 | D:4      | Reached skill level 6 in Polearms
  2838 | D:4      | Reached skill level 5 in Dodging
  2930 | D:4      | Reached *** piety under Trog
  2931 | D:4      | Reached XP level 7. HP: 54/56 MP: 7/7
  3378 | D:5      | Entered Level 5 of the Dungeon
  3399 | D:5      | Noticed Grinder
  3460 | D:5      | Killed Grinder
  3461 | D:5      | Reached skill level 7 in Polearms
  3523 | D:5      | Found a staircase to the Ecumenical Temple.
  3536 | D:5      | Reached XP level 8. HP: 64/64 MP: 8/8
  3935 | D:5      | Found a hazy altar of Hepliaklqana.
  4135 | D:6      | Found Mianuosa's Weapon Boutique.
  4143 | D:6      | Bought 4 poisoned darts for 17 gold pieces
  4143 | D:6      | Bought a +0 glaive for 71 gold pieces
  4221 | D:6      | Noticed Sigmund
  4232 | D:6      | Killed Sigmund
  4233 | D:6      | Reached skill level 8 in Polearms
  4322 | D:6      | Found Worut's Antique Weapon Shoppe.
  4390 | D:6      | Reached skill level 9 in Polearms
  4409 | D:6      | Found Woxarriph's Weapon Boutique.
  4569 | D:6      | Noticed Eustachio
  4596 | D:6      | HP: 1/64 [steam dragon/ball of steam (10)]
  4725 | D:6      | Killed Eustachio
  4892 | D:6      | Reached XP level 9. HP: 68/69 MP: 9/9
  4907 | D:6      | Reached skill level 10 in Polearms
  5046 | D:6      | Found Byang's Weapon Emporium.
  5054 | D:6      | Bought 2 curare-tipped darts for 15 gold pieces
  5182 | D:6      | Found Baujo's Antique Armour Emporium.
  5462 | D:7      | Reached skill level 5 in Armour
  5491 | D:7      | Reached skill level 11 in Polearms
  5633 | D:7      | Noticed Pikel
  5645 | D:7      | Killed Pikel
  5891 | D:7      | Reached skill level 12 in Polearms
  6663 | D:8      | Noticed a two-headed ogre
  6672 | D:8      | Killed a two-headed ogre
  6673 | D:8      | Reached skill level 13 in Polearms
  6673 | D:8      | Reached XP level 10. HP: 76/76 MP: 10/10
  6883 | D:8      | You fall into a shaft and drop 3 floors!
  6883 | D:11     | Found Ydasaeg's Weapon Shop.
  6891 | D:11     | Noticed a manticore
  6901 | D:11     | Killed a manticore
  6923 | D:11     | Found Suim's Antique Weapon Emporium.
  6927 | D:11     | Noticed a boulder beetle
  6938 | D:11     | Reached skill level 14 in Polearms
  6956 | D:11     | Killed a boulder beetle
  7029 | D:11     | Found Kuat Sui's Armour Boutique.
  7085 | D:11     | Found a staircase to the Orcish Mines.
  7106 | D:11     | Reached skill level 15 in Polearms
  7110 | D:11     | Found a staircase to the Lair.
  7121 | D:11     | Found a gate leading to a gauntlet.
  7128 | D:11     | Noticed a cyan ugly thing
  7131 | Gauntlet | Entered a Gauntlet
  7131 | Gauntlet | Noticed a tengu warrior
  7131 | Gauntlet | Noticed a wretched star
  7131 | Gauntlet | Found a large runed translucent door.
  7131 | Gauntlet | Found a large runed translucent door.
  7131 | Gauntlet | Found a large runed translucent door.
  7131 | Gauntlet | Found a large runed translucent door.
  7131 | Gauntlet | Found a large runed translucent door.
  7131 | Gauntlet | Found a large runed translucent door.
  7131 | Gauntlet | Found a large runed translucent door.
  7131 | Gauntlet | Found a large runed translucent door.
  7131 | Gauntlet | Found a runed translucent door.
  7131 | Gauntlet | Found a runed translucent gate.
  7131 | Gauntlet | Found a transporter.
  7131 | Gauntlet | Found a transporter.
  7131 | Gauntlet | Found a runed translucent gate.
  7131 | Gauntlet | Found a transporter.
  7214 | Gauntlet | Found a transporter.
  7217 | Gauntlet | Found a transporter.
  7218 | Gauntlet | Found a runed translucent gate.
  7218 | Gauntlet | Found a runed translucent door.
  7222 | Gauntlet | Found a large runed translucent door.
  7222 | Gauntlet | Found a large runed translucent door.
  7222 | Gauntlet | Noticed a quicksilver ooze
  7227 | Gauntlet | Found a transporter.
  7259 | Gauntlet | Found a large runed translucent door.
  7259 | Gauntlet | Found a large runed translucent door.
  7262 | Gauntlet | Found a large runed translucent door.
  7262 | Gauntlet | Found a large runed translucent door.
  7263 | Gauntlet | Found a large runed translucent door.
  7264 | Gauntlet | Found a large runed translucent door.
  7293 | Gauntlet | Found a transporter.
  7303 | Gauntlet | Found a transporter.
  7318 | Gauntlet | Found a transporter.
  7328 | Gauntlet | Found a transporter.
  7343 | Gauntlet | Found a transporter.
  7349 | Gauntlet | Found a transporter.
  7464 | Gauntlet | Killed a wretched star
  7474 | Gauntlet | Identified the ring "Bagulig" {rElec rC+ Str+6}
  7569 | Gauntlet | Killed a quicksilver ooze
  7570 | Gauntlet | Reached skill level 16 in Polearms
  7570 | Gauntlet | Reached XP level 11. HP: 86/86 MP: 11/11
  7574 | Gauntlet | Identified the +0 cloak of Seh Onek {Regen+ Int-5 Dex+6
                  | Stlth+}
  7634 | Gauntlet | Noticed a minotaur
  7645 | Gauntlet | HP: 1/129 [minotaur/+3 mace of protection (8)]
  7648 | Gauntlet | Killed a minotaur
  7716 | Gauntlet | Identified the +1 robe of Kleptomania {+Blink rF+}
  7716 | Gauntlet | Identified the +6 short sword "Eryawej" {holy, Will++ Int-2
                  | SInv Stlth+}
  7716 | Gauntlet | Identified the +1 lajatang of Intimidation {flame, rC+
                  | Dex+2}
  7785 | D:11     | Found Baf Ogio's Armour Shop.
  7798 | D:11     | Killed a cyan ugly thing
  8065 | D:11     | Noticed a cyclops
  8069 | D:11     | Killed a cyclops
  8070 | D:11     | Reached skill level 17 in Polearms
  8239 | D:10     | Entered Level 10 of the Dungeon
  8311 | D:10     | Found a runed translucent gate.
  8341 | D:9      | Reached skill level 1 in Throwing
  8501 | D:8      | Identified a scroll of acquirement
  8501 | D:8      | Acquired 423 gold pieces
  8547 | D:8      | Found a transporter.
  8577 | D:8      | Found a transporter.
  8851 | D:8      | Reached **** piety under Trog
  9032 | D:6      | Bought the +5 Lochaber axe {reach-cleave, poleaxe, Drain}
                  | for 460 gold pieces
  9032 | D:6      | Found the +5 Lochaber axe {reach-cleave, poleaxe, Drain}
  9296 | Lair:1   | Entered Level 1 of the Lair of Beasts
  9404 | Lair:1   | You fall into a shaft and drop 1 floor!
  9429 | Lair:2   | Reached skill level 18 in Polearms
  9454 | Lair:2   | Noticed a boulder beetle
  9464 | Lair:2   | Killed a boulder beetle
  9465 | Lair:2   | Reached skill level 1 in Evocations
  9465 | Lair:2   | Reached XP level 12. HP: 94/95 MP: 12/12
  9538 | Lair:2   | Acquired the -2 hat of the Yeti {rPois Str+8}
  9646 | Lair:2   | Found a hole to the Spider Nest.
  9797 | Lair:2   | Reached skill level 5 in Throwing
 10540 | Lair:1   | Reached skill level 19 in Polearms
 11176 | Lair:3   | Noticed Fannar
 11178 | Lair:3   | Noticed Nergalle
 11182 | Lair:3   | Killed Fannar
 11183 | Lair:3   | Reached skill level 5 in Evocations
 11192 | Lair:3   | Killed Nergalle
 11233 | Lair:3   | Noticed Sonja
 11242 | Lair:3   | Noticed Snorg
 11247 | Lair:3   | Killed Sonja
 11256 | Lair:3   | Killed Snorg
 11538 | Lair:3   | Reached XP level 13. HP: 101/101 MP: 13/13
 11751 | Lair:3   | Found a staircase to the Swamp.
 12036 | Lair:4   | Reached ***** piety under Trog
 12123 | Lair:4   | Reached skill level 20 in Polearms
 12262 | Lair:4   | Found a staircase to the Slime Pits.
 12730 | Lair:5   | Entered Level 5 of the Lair of Beasts
 12910 | D:11     | Bought a +2 pair of boots for 264 gold pieces
 13034 | Lair:5   | Noticed Josephine
 13051 | Lair:5   | Killed Josephine
 13066 | Lair:5   | Received a gift from Trog
 13893 | Lair:5   | Reached skill level 21 in Polearms
 13957 | Lair:5   | Reached skill level 10 in Throwing
 13979 | Lair:5   | Reached XP level 14. HP: 100/108 MP: 14/14
 14025 | Lair:5   | Noticed a fire giant
 14027 | Lair:5   | a fire giant changed into a catoblepas
 14266 | Lair:5   | Found a corrupted altar of Lugonu.
 14266 | Lair:5   | Found a one-way gate to the infinite horrors of the Abyss.
 14460 | D:11     | Bought the +1 cloak of the Doldrums {*Slow rElec rPois rC+}
                  | for 465 gold pieces
 14652 | D:10     | Found a runed translucent gate.
 14652 | D:10     | Found a runed translucent gate.
 14657 | D:10     | Noticed pokeman's ghost (novice DEHW)
 14657 | D:10     | Noticed jejorda2's ghost (journeyman MfBe)
 14657 | D:10     | Noticed Newt's ghost (journeyman DsGl)
 14669 | D:10     | Killed pokeman's ghost
 14674 | D:10     | Killed jejorda2's ghost
 14680 | D:10     | Killed Newt's ghost
 14759 | D:10     | Found Qeodum's Changing Room.
 15055 | D:10     | Bought a potion of lignification for 39 gold pieces
 15528 | D:9      | Noticed Psyche
 15537 | D:9      | Killed Psyche
 15791 | D:9      | Found Jutsown's Assorted Antiques.
 15798 | D:9      | Bought 2 clear potions for 41 gold pieces
 15798 | D:9      | Bought a clear potion for 20 gold pieces
 16760 | D:8      | Identified the +5 leather armour of the Thistle {Int+3}
 17396 | D:12     | Noticed Urug
 17409 | D:12     | Killed Urug
 17574 | D:12     | Reached skill level 22 in Polearms
 17720 | D:12     | Found Etaun's Distillery.
 17731 | D:12     | Bought a potion of invisibility for 96 gold pieces
 18645 | D:13     | Found a portal to a secret trove of treasure.
 18808 | D:13     | Found a gate to the Vaults.
 19244 | D:14     | Reached XP level 15. HP: 94/115 MP: 15/15
 19455 | D:14     | Reached skill level 10 in Fighting
 19611 | D:14     | Found a stormy altar of Qazlal.
 20150 | D:14     | Found an ornate altar of the Wu Jian Council.
 20579 | D:15     | Entered Level 15 of the Dungeon
 21093 | D:15     | Found a staircase to the Depths.
 21596 | Spider:1 | Entered Level 1 of the Spider Nest
 21605 | Spider:1 | Reached skill level 23 in Polearms
 21996 | Spider:1 | Killed a ghost moth
 22232 | Spider:1 | Killed a ghost moth
 22608 | Spider:1 | Reached XP level 16. HP: 124/127 MP: 16/16
 23682 | Spider:2 | Reached ****** piety under Trog
 24355 | Spider:3 | Reached skill level 10 in Armour
 24637 | Spider:3 | Received a gift from Trog
 24644 | Spider:3 | Reached skill level 24 in Polearms
 24994 | Spider:3 | Noticed Aizul
 25022 | Spider:3 | Killed Aizul
 25221 | Spider:3 | Identified the +5 flail "Jazoqam" {venom, Will+ Int+4}
 25978 | Spider:3 | Noticed Roxanne
 25990 | Spider:3 | Killed Roxanne
 26137 | Spider:4 | Entered Level 4 of the Spider Nest
 27332 | Spider:4 | Reached XP level 17. HP: 132/138 MP: 17/17
 27521 | Spider:4 | Reached skill level 10 in Dodging
 28121 | Spider:4 | Reached skill level 25 in Polearms
 28351 | Spider:4 | Got a gossamer rune of Zot
 28889 | Orc:1    | Entered Level 1 of the Orcish Mines
 28904 | Orc:1    | Found Vearchocs's Armour Emporium.
 28923 | Orc:1    | Received a gift from Trog
 29008 | Orc:1    | Noticed Maurice
 29034 | Orc:1    | Killed Maurice
 29182 | Orc:1    | Found Cebbuol's Vocational Training.
 29383 | Orc:2    | Entered Level 2 of the Orcish Mines
 29547 | Orc:2    | Found a staircase to the Elven Halls.
 29693 | Orc:2    | Received a gift from Trog
 29700 | Orc:2    | Found Nusio's Distillery.
 29700 | Orc:2    | Found Lenu's Weapon Shop.
 29788 | Orc:2    | Bought 2 curare-tipped darts for 15 gold pieces
 29861 | Orc:2    | Found Ytes's Book Emporium.
 29878 | Orc:2    | Found Dizapsuf's Magic Scroll Shop.
 29928 | Orc:2    | Reached skill level 15 in Fighting
 30335 | Orc:1    | Bought +0 gold dragon scales for 880 gold pieces
 30687 | Swamp:1  | Entered Level 1 of the Swamp
 31822 | Swamp:2  | Found a runed translucent gate.
 31822 | Swamp:2  | Found a runed translucent gate.
 31822 | Swamp:2  | Found a runed translucent gate.
 31827 | Swamp:2  | Noticed Kacaoki's ghost (adept MiBe)
 31848 | Swamp:2  | Reached XP level 18. HP: 149/149 MP: 18/18
 31856 | Swamp:2  | Killed Kacaoki's ghost
 32415 | Swamp:3  | Reached skill level 26 in Polearms
 32962 | Swamp:4  | Entered Level 4 of the Swamp
 33849 | Swamp:4  | Identified the +6 halberd "Wisaa" {flame, SInv} (Trog
                  | gifted it to you on level 4 of the Swamp)
 33849 | Swamp:4  | Received a gift from Trog
 34090 | Swamp:4  | Reached skill level 15 in Throwing
 34536 | Swamp:4  | Noticed the 27-headed Lernaean hydra
 34551 | Swamp:4  | Killed the 27-headed Lernaean hydra
 34903 | Swamp:4  | Got a decaying rune of Zot
 35188 | Elf:1    | Entered Level 1 of the Elven Halls
 35253 | Elf:1    | Received a gift from Trog
 35287 | Elf:1    | Found Seqidy Iruxt's Jewellery Boutique.
 35410 | Elf:1    | Bought a ring of see invisible for 240 gold pieces
 35903 | Elf:1    | Reached XP level 19. HP: 133/157 MP: 19/19
 36263 | Elf:1    | Found a runed translucent gate.
 36263 | Elf:1    | Found a runed translucent gate.
 36263 | Elf:1    | Found a runed translucent gate.
 36263 | Elf:1    | Found a runed translucent gate.
 36263 | Elf:1    | Found a runed translucent gate.
 36271 | Elf:1    | Found a runed translucent gate.
 36703 | Elf:2    | Noticed Azrael
 36712 | Elf:2    | Killed Azrael
 36767 | Elf:2    | Received a gift from Trog
 36867 | Elf:2    | Found a runed translucent gate.
 36867 | Elf:2    | Found a runed translucent gate.
 36887 | Elf:2    | Found a runed translucent gate.
 37973 | Elf:3    | Entered Level 3 of the Elven Halls
 38179 | Elf:3    | Received a gift from Trog
 38235 | Elf:3    | Identified the +1 quarterstaff of Ynunne {freeze, Will++
                  | SInv}
 38266 | Elf:3    | Noticed a Hell Sentinel
 38267 | Elf:3    | HP: 7/241 [deep elf high priest/a malign offering (20)]
 38272 | Elf:3    | Killed from afar by a deep elf annihilator

Illustrated notes

Levels and vault maps discovered:
D:1:      lemuel_arrival_hallway, layout_loops_ring
D:2:      layout_loops_ring
D:3:      layout_basic, mainiacjoe_overflow_large_starburst, kennysheep_potato
D:4:      layout_cave_pools, minmay_manual_mandibuliform
D:5:      layout_cave_pools, nicolae_hepliaklqana_monster_ancestors,
          minmay_temple_entry_offerings, grunt_decor_fettered, uniq_grinder
D:6:      layout_gridville, serial_shops, shop, nicolae_shop_hallway_plus,
          nicolae_square_shop, nicolae_shop_statue_plus, shop, uniq_sigmund,
          uniq_eustachio
D:7:      layout_basic, uniq_pikel
D:8:      gammafunk_cloud_chamber, layout_basic, serial_curves, eino_curves_01,
          eino_curves_03, eino_curves_03, eino_curves_01
D:9:      layout_grid_maze, serial_shops, shop, uniq_psyche
D:10:     layout_cave_pools, gammafunk_ghost_cemetery, hangedman_decor_push,
          nicolae_transmutations_shop, minmay_microvault
D:11:     layout_rooms, hellmonk_lair_entry_icy, orc_0_dummy,
          gauntlet_entry_generic, serial_shops, nicolae_shop_statue_plus,
          nicolae_diamond_shop, nicolae_take_the_stairs, nicolae_shop_trees,
          minivault_24
D:12:     layout_basic, serial_shops, shop, grunt_decor_cap, uniq_urug
D:13:     layout_stronghold, grunt_vaults_entry_fortified,
          nicolae_trove_entry_isolated
D:14:     minmay_bubble_buster, layout_gridville,
          nicolae_wu_jian_immortal_techniques, grunt_qazlal_clouds
D:15:     hangedman_depths_entry_civil_slaughter, layout_basic,
          nrook_pool_corridor
Lair:1:   layout_cellular_growth, lemuel_fruit_tree
Lair:2:   minmay_lair_oklob_tunnel, layout_chaotic_city, spider_nest_entry_a
Lair:3:   layout_loops_ring, nicolae_swamp_entry_splash_gauntlet, uniq_sonja,
          uniq_fannar, uniq_nergalle, uniq_snorg
Lair:4:   layout_hall_layers, nicolae_slime_entry_field_trip,
          beast_lair_carwin_4
Lair:5:   hellmonk_lair_end_abyssal_woods, layout_regular_city,
          chequers_serial_rivers_micro_c, uniq_josephine
Swamp:1:  layout_basic_swamp, nicolae_swamp_ascending_descending, swamp_pool5
Swamp:2:  layout_basic_swamp, gammafunk_ghost_necromancy,
          evilmike_swamp_ruin_house_1
Swamp:3:  layout_falls_marsh, nicolae_swamp_trees_clearing
Swamp:4:  swamp_old_school, layout_basic_swamp, nicolae_swamp_necromancer_hut
Spider:1: layout_spider_delve, uniq_louise
Spider:2: layout_spider_delve, hangedman_spider_tarantella_strand
Spider:3: layout_spider_delve, dreamdust_wasp_nest, uniq_aizul, uniq_roxanne
Spider:4: guppyfry_spider_rune, guppyfry_spider_mini_2
Orc:1:    layout_caves, serial_shops, nicolae_shop_trees,
          nicolae_shop_vocational, uniq_maurice
Orc:2:    st_orc_town, layout_diamond_mine
Elf:1:    layout_loops_cross, serial_shops, shop, orc_legates
Elf:2:    nicolae_elf_blades_crystal_corner, layout_gridlike,
          serial_corexii_hall, corexii_hall_statues_u,
          chequers_hall_statues_corner_a, uniq_azrael
Elf:3:    minmay_elf_hall_not_hex, layout_geoelf_grid, serial_shops, shop,
          kilobyte_rumbling_trees, grunt_megastairs_2

Skill      XL: |  1  2  3  4  5  6  7  8  9 10 11 12 13 14 15 16 17 18 19 |
---------------+----------------------------------------------------------+-----
Dodging        | 3 4 5 6 9 10 12 | 12.8
Armour         | 2 3 4 6 8 9 10 12 | 12.4
Fighting       | 4 5 6 8 9 11 13 15 16 17 | 17.2
Polearms       | 5 6 7 9 13 16 18 19 21 22 23 24 25 26 | 26.0
Throwing       | 4 6 10 11 12 13 16 | 16.0
Evocations     | 1 6 7 |  7.0

Action                   |  1- 3 |  4- 6 |  7- 9 | 10-12 | 13-15 | 16-18 | 19-21 || total
-------------------------+-------+-------+-------+-------+-------+-------+-------++-------
Melee: Spear             |   113 |    16 |       |       |       |       |       ||   129
       Trident           |       |   148 |   109 |       |       |       |       ||   257
       Punch             |       |       |     3 |       |       |       |       ||     3
       Glaive            |       |       |   211 |   207 |       |       |       ||   418
       Halberd           |       |       |    47 |       |       |       |       ||    47
       Lochaber axe      |       |       |       |   155 |   753 |  1250 |   265 ||  2423
       Tailslap          |       |       |       |       |     1 |    35 |       ||    36
Throw: Dart              |       |     1 |    10 |     1 |     3 |   182 |       ||   197
       Stone             |       |       |       |     3 |    16 |       |       ||    19
       Boomerang         |       |       |       |       |     5 |    28 |     2 ||    35
       Javelin           |       |       |       |       |       |    19 |       ||    19
Invok: Berserk           |     1 |     4 |     8 |     8 |     8 |     7 |     5 ||    41
       Trog's Hand       |       |     2 |     6 |     5 |     4 |     7 |     1 ||    25
       Brothers in Arms  |       |       |       |       |     1 |     4 |       ||     5
Evoke: Wand              |       |       |       |     2 |     1 |     1 |       ||     4
  Use: Scroll            |       |       |    16 |     4 |    14 |       |     3 ||    37
       Potion            |       |       |     2 |       |     1 |     3 |       ||     6
 Stab: Distracted        |       |       |       |       |     1 |     2 |       ||     3
       Held in net/web   |       |       |       |       |       |     1 |       ||     1
       Confused          |       |       |       |       |       |     1 |       ||     1
Armor: Animal skin       |    11 |       |       |       |       |       |       ||    11
       Leather armour    |     2 |       |       |       |       |       |       ||     2
       Ring mail         |     2 |       |       |       |       |       |       ||     2
       Plate armour      |    21 |   130 |   297 |   216 |   493 |   428 |       ||  1585
       Gold dragon scale |       |       |       |       |       |   302 |   130 ||   432
Dodge: Dodged            |    26 |    48 |   162 |   274 |   486 |   578 |    86 ||  1660

Table legend: (Time is in decaauts)
 A = Elapsed time spent in this place.
 B = Non-inter-level travel time spent in this place.
 C = Inter-level travel time spent in this place.
 D = Time resting spent in this place.
 E = Time spent auto-exploring this place.
 F = Levels seen in this place.
 G = Mean time per level.
                   A        B        C        D        E       F      G
               +--------+--------+--------+--------+--------+-----+--------+
         Total |  37810 |  34126 |   3684 |   5447 |  22396 |  34 | 1112.1 |
       Dungeon |  16497 |  14362 |   2135 |   1355 |  10394 |  15 | 1099.8 |
          Lair |   6352 |   5562 |    790 |    790 |   3961 |   5 | 1270.4 |
         Swamp |   3776 |   3640 |    136 |   1137 |   1822 |   4 |  944.0 |
   Spider Nest |   6025 |   5651 |    374 |   1576 |   2994 |   4 | 1506.2 |
  Orcish Mines |   1487 |   1343 |    144 |      0 |   1046 |   2 |  743.5 |
   Elven Halls |   3006 |   2903 |    103 |    437 |   1876 |   3 | 1002.0 |
      Gauntlet |    663 |    663 |      0 |    150 |    301 |   1 |  663.0 |
               +--------+--------+--------+--------+--------+-----+--------+

Top non-repeatable levels by time:
Spider:4: 2456 daAuts
Spider:3: 1846 daAuts
 Swamp:4: 1646 daAuts
  Lair:2: 1641 daAuts
     D:7: 1538 daAuts
  Lair:5: 1441 daAuts
    D:14: 1420 daAuts
    D:13: 1393 daAuts
     D:6: 1388 daAuts
   Elf:1: 1381 daAuts
   Elf:2: 1352 daAuts
     D:8: 1333 daAuts
  Lair:1: 1264 daAuts
     D:9: 1252 daAuts
    D:11: 1052 daAuts
